 Dungeon Crawl Stone Soup version 0.22.1-2-g9c5b331383 (webtiles) character file.

3167 CInkIbrahim the Gouger (level 9, 45/45 HPs)
             Began as a Felid Berserker on Dec 22, 2018.
             Was an Elder of Trog.
             Quit the game on level 11 of the Dungeon on Dec 24, 2018.
             The game lasted 00:22:10 (10727 turns).

CInkIbrahim the Gouger (Felid Berserker)           Turns: 10727, Time: 00:22:11

Health: 45/45      AC:  2    Str: 13    XL:     9   Next: 63%
Magic:  9/9        EV: 28    Int: 11    God:    Trog [****..]
Gold:   683        SH:  0    Dex: 20    Spells: 8/8 levels left
                                        Lives:  0   Deaths: 2

rFire    + + .     SeeInvis +     - Unarmed
rCold    . . .     Gourm    .   (shield unavailable)
rNeg     + . .     Faith    .   (armour unavailable)
rPois    .         Spirit   .   (helmet unavailable)
rElec    .         Reflect  .   (cloak unavailable)
rCorr    .         Harm     .   (gloves unavailable)
MR       +....                  (boots unavailable)
Stlth    +++++.....             q - amulet of regeneration
HPRegen  0.55/turn              C - ring of protection from fire
MPRegen  0.11/turn              M - ring of Naut Duw {rF+ rN+ Int+3}

@: quick
A: very small, no armour, no weapons or thrown items, stealth, claws 1, fangs 3,
see invisible, carnivore, speed 1, low mp 1, mutation resistance 1, shaggy fur
2, slow metabolism 1, sharp paws
a: Berserk, Trog's Hand, Brothers in Arms, Renounce Religion


You were on level 11 of the Dungeon.
You worshipped Trog.
Trog was greatly pleased with you.
You were not hungry.

You visited 2 branches of the dungeon, and saw 13 of its levels.
You also visited: Ossuary.

You collected 683 gold pieces.

Inventory:

Jewellery
 q - an amulet of regeneration (around neck)
 s - an uncursed amulet of guardian spirit
 z - an uncursed ring of see invisible
 C - a ring of protection from fire (left paw)
 G - an uncursed ring of protection from fire
 L - an uncursed ring of fire
 M - the ring of Naut Duw (right paw) {rF+ rN+ Int+3}
   (You found it on level 10 of the Dungeon)

   [ring of protection from fire]

   It affects your intelligence (+3).
   It protects you from fire.
   It protects you from negative energy.
Wands
 r - a wand of acid (13)
 B - a wand of polymorph (25)
 F - a wand of clouds (4)
 I - a wand of paralysis (10)
 J - a wand of iceblast (15)
 K - a wand of disintegration (16)
Scrolls
 f - 2 scrolls of enchant weapon
 g - 3 scrolls of blinking {unknown}
 l - 2 scrolls of amnesia {unknown}
 m - 4 scrolls of enchant armour {unknown}
 n - 3 scrolls of random uselessness {unknown}
 o - 2 scrolls of fear
 u - 5 scrolls of remove curse
 y - a scroll of teleportation {unknown}
 A - a scroll of noise {unknown}
 D - a scroll of summoning {unknown}
 E - 2 scrolls of magic mapping {unknown}
 H - a scroll of silence {unknown}
Potions
 b - 2 potions of magic
 c - 8 potions of curing
 d - 2 potions of agility
 e - 3 potions of degeneration {unknown}
 h - 3 potions of flight
 i - 4 potions of heal wounds
 j - 4 potions of might
 k - a potion of brilliance
 p - 7 potions of lignification {unknown}
 t - a potion of cancellation
 v - 3 potions of haste
 w - a potion of invisibility
 x - a potion of berserk rage
Comestibles
 a - 33 rations


   Skills:
 + Level 8.5 Fighting
 + Level 11.0 Dodging
 + Level 8.1 Stealth
 * Level 13.3 Unarmed Combat


You had 8 spell levels left.
You didn't know any spells.
Your spell library was empty.

Dungeon Overview and Level Annotations

Branches:
Dungeon (12/15)            Temple (1/1) D:5            Lair (0/6) D:8
    Orc (0/2) D:10

Altars:
Ashenzari
Cheibriados
Dithmenos
Gozag
Hepliaklqana
Okawaru
Qazlal
Ru
Xom
Zin
The Shining One
Jiyva

Shops:
D:8 }   D:10 [[

Annotations:
D:5 3 runed doors, SpaceYeku's ghost, amateur DECj
D:8 3 runed doors, imphell's ghost, novice MfIE
D:11 2 transporters, Josephine; RumaTero's ghost, journeyman TrWn


Innate Abilities, Weirdness & Mutations

You cannot wear armour.
You are incapable of wielding weapons or throwing items.
Your paws allow you to move quietly. (Stealth)
You have sharp claws.
You have razor-sharp teeth.
You have supernaturally acute eyesight. (SInv)
You are carnivorous and can eat meat at any time.
You cover ground quickly.
You are covered in thick fur. (AC +2)
You have a slow metabolism.
Your sharp claws are effective at attacking unaware monsters.
Your magical capacity is low. (-10% MP)
You are somewhat resistant to further mutation.


Message History

* * * LOW HITPOINT WARNING * * *
The wraith drains your vigour!
You feel as though you will be slow longer.
The wraith closely misses you. The wraith misses you.
You scratch Josephine.
Josephine is almost dead.
Josephine hits you with a dagger!
You die...
The wraith hits you! The wraith drains your vigour!
You feel as though you will be slow longer.
The wraith misses you. The wraith completely misses you.
You are now level 9!
You rejoin the land of the living...
Unknown command.
Saving game... please wait.
Level annotation: 2 transporters, Josephine; RumaTero's ghost, journeyman TrWn Welcome back, CInkIbrahim the Felid Berserker.
Trog says: Kill them all!
Press ? for a list of commands and other information.
Are you sure you want to abandon this character and quit the game? (Confirm

#.......#...............
#.....#######...........
#..####.#.#.#...........
#############..'#.#.##)..........
............#..#.#.#†.########'##
............#####.#.##...........
...............#######...........
......)..........)...[...........
................@....[...........
#################################


There were no monsters in sight!

Vanquished Creatures
  A death knight (D:11)
  2 two-headed ogres (D:11)
  A skeletal warrior (D:11)
  An unseen horror (D:11)
  An ugly thing (D:8)
  A freezing wraith (D:11)
  A troll (D:9)
  Grinder (D:6)
  A hippogriff (D:9)
  3 wyverns
  3 wraiths (D:11)
  5 yaks
  Menkaure (D:7)
  Edmund (D:6)
  3 soldier ants (D:11)
  2 porcupines (D:8)
  4 ogres
  5 orc warriors
  2 black bears
  A phantom (D:7)
  3 sky beasts
  4 ice beasts
  An eye of draining (D:11)
  A necrophage (D:11)
  3 centaurs
  A crocodile (D:11)
  4 big kobolds
  3 bullfrogs
  A scorpion (D:5)
  A wyvern skeleton (D:8)
  4 wights (D:7)
  3 howler monkeys
  3 crimson imps
  3 orc priests
  A centaur zombie (D:9)
  6 hounds
  2 centaur skeletons (D:4)
  2 jellies (D:9)
  5 iguanas
  5 orc wizards
  11 worker ants
  11 mummies (Ossuary)
  2 worker ant zombies
  3 gnolls (D:2)
  5 adders
  2 shadow imps
  2 oozes
  An adder skeleton (D:5)
  2 worms
  2 dart slugs
  4 leopard geckos
  31 orcs
  3 ball pythons
  9 giant cockroaches
  7 goblins
  8 hobgoblins
  18 jackals
  5 quokkas
  8 bats
  7 frilled lizards
  2 gnoll skeletons (Ossuary)
  3 goblin skeletons
  3 hobgoblin zombies (D:5)
  27 kobolds
  2 kobold skeletons (Ossuary)
  3 orc skeletons (Ossuary)
  An orc zombie (D:5)
  A quokka zombie (D:9)
  13 rats
  11 rat skeletons (Ossuary)
  A rat zombie (D:5)
304 creatures vanquished.

Vanquished Creatures (collateral kills)
  3 yaks
  2 orc warriors
  2 orc priests (D:9)
  A hound (D:9)
  2 orcs (D:9)
10 creatures vanquished.

Grand Total: 314 creatures vanquished

Notes
Turn   | Place    | Note
-------+----------+-------------------------------------------
     0 | D:1      | CInkIbrahim the Felid Berserker began the quest for the
                  | Orb.
     0 | D:1      | Reached XP level 1. HP: 10/10 MP: 2/2
   103 | D:1      | Reached skill level 1 in Stealth
   121 | D:1      | Reached XP level 2. HP: 14/14 MP: 3/3
   944 | D:2      | Reached XP level 3. HP: 12/17 MP: 4/4
  1006 | D:2      | Reached ** piety under Trog
  1054 | D:2      | Reached skill level 4 in Unarmed Combat
  1304 | D:2      | Reached XP level 4. HP: 21/21 MP: 5/5
  1848 | D:2      | Found a snail-covered altar of Cheibriados.
  2219 | D:3      | Reached skill level 5 in Unarmed Combat
  2221 | D:3      | Reached *** piety under Trog
  2234 | D:3      | Reached XP level 5. HP: 24/24 MP: 6/6
  2266 | D:3      | Found a shattered altar of Ashenzari.
  3149 | D:4      | Found a hazy altar of Hepliaklqana.
  3285 | D:4      | Found a shimmering altar of Xom.
  3287 | D:4      | Found a sacrificial altar of Ru.
  3287 | D:4      | Found a stormy altar of Qazlal.
  3288 | D:4      | Noticed an ogre
  3301 | D:4      | Gained mutation: You are covered in thick fur. (AC +2)
                  | [Felid growth]
  3301 | D:4      | Reached XP level 6. HP: 28/28 MP: 7/7
  3304 | D:4      | Reached skill level 6 in Unarmed Combat
  3310 | D:4      | Reached **** piety under Trog
  3310 | D:4      | Reached skill level 5 in Stealth
  3350 | D:4      | Found an iron altar of Okawaru.
  3350 | D:4      | Found a snail-covered altar of Cheibriados.
  3350 | D:4      | Found a shimmering altar of Xom.
  3635 | D:5      | Entered Level 5 of the Dungeon
  3644 | D:5      | Found an iron altar of Okawaru.
  3658 | D:5      | Found a staircase to the Ecumenical Temple.
  3663 | Temple   | Entered the Ecumenical Temple
  3772 | D:5      | Reached XP level 7. HP: 31/31 MP: 8/8
  3787 | D:5      | Reached skill level 7 in Unarmed Combat
  3856 | D:5      | Found a glowing golden altar of the Shining One.
  3903 | D:5      | Found a runed gate.
  3904 | D:5      | Found a runed gate.
  3905 | D:5      | Found a runed gate.
  3907 | D:5      | Noticed SpaceYeku's ghost (amateur DECj)
  4063 | D:5      | Reached skill level 8 in Unarmed Combat
  4259 | D:5      | Found a sand-covered staircase.
  4271 | Ossuary  | Entered an ossuary
  4423 | Ossuary  | Reached XP level 8. HP: 34/34 MP: 9/9
  4671 | D:4      | Found a stormy altar of Qazlal.
  4674 | D:4      | Reached ***** piety under Trog
  4722 | D:6      | Noticed Edmund
  4738 | D:6      | Killed Edmund
  4928 | D:6      | Found a glowing silver altar of Zin.
  5043 | D:6      | Noticed Grinder
  5063 | D:6      | Killed Grinder
  5063 | D:6      | Reached skill level 5 in Dodging
  5149 | D:6      | Found an iron altar of Okawaru.
  5170 | D:6      | Reached skill level 9 in Unarmed Combat
  6054 | D:7      | Noticed Menkaure
  6066 | D:7      | Killed Menkaure
  6445 | D:7      | Reached XP level 9. HP: 37/40 MP: 10/10
  6793 | D:8      | Noticed a green ugly thing
  6796 | D:8      | Killed a green ugly thing
  6796 | D:8      | Reached skill level 5 in Fighting
  6796 | D:8      | Reached skill level 10 in Unarmed Combat
  6842 | D:8      | Found Fuqaej's Gadget Shoppe.
  7018 | D:8      | Found a runed gate.
  7021 | D:8      | Found a runed gate.
  7021 | D:8      | Found a viscous altar of Jiyva.
  7021 | D:8      | Found a runed gate.
  7021 | D:8      | Noticed imphell's ghost (novice MfIE)
  7246 | D:8      | Found a sacrificial altar of Ru.
  7350 | D:8      | Reached skill level 11 in Unarmed Combat
  7489 | D:8      | Found a staircase to the Lair.
  7836 | D:9      | Noticed a troll
  7959 | D:9      | Reached XP level 10. HP: 32/46 MP: 11/11
  8139 | D:9      | Gained mutation: Your magical capacity is low. (-10% MP)
                  | [potion of mutation]
  8139 | D:9      | Gained mutation: You are somewhat resistant to further
                  | mutation. [potion of mutation]
  8295 | D:10     | Entered Level 10 of the Dungeon
  8355 | D:9      | Found an opulent altar of Gozag.
  8491 | D:9      | Found a shadowy altar of Dithmenos.
  8979 | D:10     | Reached skill level 12 in Unarmed Combat
  9109 | D:10     | Found a staircase to the Orcish Mines.
  9109 | D:10     | Found Fonaoppo's Armour Shop.
  9375 | D:10     | Found Guoteschoq's Armour Boutique.
  9498 | D:10     | Got a sparkling golden ring
  9555 | D:10     | Identified the ring of Naut Duw {rF+ rN+ Int+3} (You found
                  | it on level 10 of the Dungeon)
  9680 | D:11     | Found a transporter.
  9697 | D:11     | Found a transporter.
  9697 | D:11     | Noticed RumaTero's ghost (journeyman TrWn)
  9698 | D:11     | Noticed a tengu reaver
  9724 | D:11     | Reached skill level 10 in Dodging
  9903 | D:11     | Noticed a two-headed ogre
  9912 | D:11     | Killed a two-headed ogre
  9912 | D:11     | Reached XP level 11. HP: 42/51 MP: 10/10
  9995 | D:11     | Noticed an unseen horror
 10002 | D:11     | Killed an unseen horror
 10022 | D:11     | Noticed a two-headed ogre
 10038 | D:11     | Killed a two-headed ogre
 10196 | D:11     | Reached skill level 13 in Unarmed Combat
 10221 | D:11     | Noticed a death knight
 10221 | D:11     | Noticed a skeletal warrior
 10223 | D:11     | Killed a death knight
 10243 | D:11     | Mangled by a skeletal warrior
 10244 | D:11     | Reached XP level 10. HP: -10/48 MP: 10/10
 10405 | D:11     | Killed a skeletal warrior
 10707 | D:11     | Noticed Josephine
 10722 | D:11     | Noticed an unseen horror
 10726 | D:11     | Slain by Josephine
 10727 | D:11     | Reached XP level 9. HP: -4/45 MP: 9/9
 10727 | D:11     | Quit the game

Skill      XL: |  1  2  3  4  5  6  7  8  9 10 11 |
---------------+----------------------------------+-----
Stealth        | 1 2 3 4 5 7 8 |  8.1
Unarmed Combat | 4 5 6 8 9 11 12 13 | 13.3
Fighting       | 4 6 7 8 |  8.5
Dodging        | 6 8 11 | 11.0

Action                   |  1- 3 |  4- 6 |  7- 9 | 10-12 || total
-------------------------+-------+-------+-------+-------++-------
Melee: Unarmed           |    84 |   137 |   277 |   277 ||   775
       Bite              |     7 |    10 |    34 |    39 ||    90
       Punch             |     2 |     4 |    16 |    23 ||    45
Invok: Berserk           |     1 |     5 |     7 |     8 ||    21
       Trog's Hand       |     1 |     1 |     7 |     8 ||    17
       Brothers in Arms  |       |       |       |     6 ||     6
  Use: Scroll            |     4 |     5 |     7 |     3 ||    19
       Potion            |       |       |       |     2 ||     2
 Stab: Sleeping          |    13 |    19 |    30 |    12 ||    74
       Distracted        |     1 |     1 |       |     3 ||     5
  Eat: Chunk             |       |    14 |    19 |    20 ||    53
Armor: Skin              |     1 |     4 |     3 |     5 ||    13
Dodge: Dodged            |    54 |    95 |   113 |   267 ||   529
